PAAA
ROYSE CITY TARGARYENS @ ELLENBURG FIGHTING DACHSUNDS
07/24/2021
 
TOP OF THE 1ST
Royse City Targaryens batting - Pitching for Ellenburg Fighting Dachsunds : LHP Ron O'Slattery
Pitching: LHP Ron O'Slattery
Batting: RHB Brian King 0-0: Ball
1-0: Ball
2-0: Ball
3-0: Called Strike
3-1: Called Strike
3-2: SINGLE (Groundball, 56D)
Batting: LHB Juan Valdéz 0-0: Ball
1-0: Fly out, F7 (Flyball, 78M)
Batting: RHB Jim Unknown 0-0: Ball
1-0: Called Strike
1-1: Foul Ball, location: 2F
1-2: Foul Ball, location: 2F
1-2: SINGLE (Groundball, 6MD)
Brian King to second
Batting: RHB Nick Simmons 0-0: Fly out, F5 (Line Drive, 5L)
Batting: LHB Miguel Juárez 0-0: SINGLE (Groundball, 15S) (infield hit)
Brian King to third
Jim Unknown to second
Batting: RHB Ray Porch 0-0: Ball
1-0: DOUBLE (Line Drive, 5L)
Brian King scores
Jim Unknown scores
Miguel Juárez to third
Runner from 3rd tries for Home, SAFE, no throw or cutoff
Batting: RHB Spencer Curry 0-0: Called Strike
0-1: Ground out 5-3 (Groundball, 5L)
Top of the 1st over - 3 run(s), 4 hit(s), 0 error(s), 1 left on base; Royse City 3 - Ellenburg 0
BOTTOM OF THE 1ST
Ellenburg Fighting Dachsunds batting - Pitching for Royse City Targaryens : RHP Wally Nelson
Pitching: RHP Wally Nelson
Batting: RHB Will Thomas 0-0: Ball
1-0: Ball
2-0: Called Strike
2-1: Foul Ball, location: 2F
2-2: SOLO HOME RUN (Flyball, 78XD), Distance : 413 ft
Batting: LHB Salvador Vidal 0-0: Called Strike
0-1: Foul Ball, location: 2F
0-2: Strikes out swinging
Batting: SHB Orlando Deleón 0-0: Called Strike
0-1: Ball
1-1: Called Strike
1-2: Ground out 6-3 (Groundball, 6M)
Batting: LHB Yannick Hendriksen 0-0: Called Strike
0-1: Ground out 4-3 (Groundball, 4M)
Bottom of the 1st over - 1 run(s), 1 hit(s), 0 error(s), 0 left on base; Royse City 3 - Ellenburg 1
TOP OF THE 2ND
Royse City Targaryens batting - Pitching for Ellenburg Fighting Dachsunds : LHP Ron O'Slattery
Batting: RHB Thomas Dunlap 0-0: Hit by Pitch
Batting: LHB Fernando Ramírez 0-0: Called Strike
0-1: Foul Ball, location: 2F
0-2: Foul Ball, location: 2F
0-2: 2-RUN HOME RUN (Flyball, 9LD), Distance : 335 ft
Batting: RHB Brian King 0-0: Ball
1-0: Called Strike
1-1: Swinging Strike
1-2: Ball
2-2: Fly out, F7 (Line Drive, 78M)
Batting: LHB Juan Valdéz 0-0: Ball
1-0: Foul Ball, location: 2F
1-1: Swinging Strike
1-2: Ball
2-2: Foul Ball, location: 2F
2-2: Foul Ball, location: 2F
2-2: Ground out 4-3 (Groundball, 6MS)
Batting: RHB Jim Unknown 0-0: Swinging Strike
0-1: Ball
1-1: Hit by Pitch
Batting: RHB Nick Simmons 0-0: SINGLE (Line Drive, 6M)
Jim Unknown to second
Runner from 2nd tries for 3rd, SAFE, no throw or cutoff
Batting: LHB Miguel Juárez 0-0: Foul Ball, location: 2F
0-1: Ball
1-1: Called Strike
1-2: Ball
2-2: Ball
3-2: Foul Ball, location: 2F
3-2: SINGLE (Line Drive, 89S)
Jim Unknown scores
Nick Simmons to second
Nick Simmons to third
Batting: RHB Ray Porch 0-0: DOUBLE (Line Drive, 9LM)
Nick Simmons scores
Miguel Juárez to third
Batting: RHB Spencer Curry 0-0: Ball
1-0: Ball
2-0: Ball
3-0: Base on Balls
Batting: RHB Thomas Dunlap 0-0: Foul Ball, location: 2F
0-1: Foul Ball, location: 2F
0-2: Ball
1-2: Hit by Pitch
Miguel Juárez scores
Ray Porch to third
Spencer Curry to second
Pitching: RHP Rusty King
Batting: LHB Fernando Ramírez 0-0: Called Strike
0-1: Foul Ball, location: 2F
0-2: Fly out, F7 (Flyball, 78XD)
Top of the 2nd over - 5 run(s), 4 hit(s), 0 error(s), 3 left on base; Royse City 8 - Ellenburg 1
BOTTOM OF THE 2ND
Ellenburg Fighting Dachsunds batting - Pitching for Royse City Targaryens : RHP Wally Nelson
Batting: SHB Carlos Carranza 0-0: Ball
1-0: Foul Ball, location: 2F
1-1: SINGLE (Line Drive, 9LS)
Batting: RHB Pablo Trujillo Pickoff Throw to First - Error! E1
Carlos Carranza to second
0-0: Ball
1-0: Called Strike
1-1: Ball
2-1: Foul Ball, location: 2F
2-2: Ball
3-2: SINGLE (Groundball, 56D)
Carlos Carranza to third
Batting: RHB Victor Haley 0-0: Ball
1-0: Called Strike
1-1: Foul Ball, location: 2F
1-2: Ball
2-2: Fly out, F6 (Popup, 7S)
Batting: RHB Kade Knowles 0-0: Ball
Pablo Trujillo steals 2nd base
1-0: Ball
2-0: Foul Ball, location: 2F
2-1: SINGLE (Flyball, 7LS)
Carlos Carranza scores
Pablo Trujillo to third
Runner from 3rd tries for Home, SAFE, no throw or cutoff
Batting: LHB Ramón Hernández 0-0: Called Strike
Kade Knowles is caught stealing 2nd base
0-1: Ball
1-1: SINGLE (Groundball, 56D)
Batting: RHB Will Thomas 0-0: Ball
1-0: Ball
2-0: Foul Ball, location: 2F
2-1: Foul Ball, location: 2F
2-2: Ball
3-2: Strikes out swinging
Bottom of the 2nd over - 2 run(s), 4 hit(s), 1 error(s), 1 left on base; Royse City 8 - Ellenburg 3
TOP OF THE 3RD
Royse City Targaryens batting - Pitching for Ellenburg Fighting Dachsunds : RHP Rusty King
Batting: RHB Brian King 0-0: SINGLE (Groundball, 6MD)
Batting: LHB Juan Valdéz 0-0: Ball
1-0: Ball
2-0: Called Strike
2-1: Ball
3-1: Hit by Pitch
Brian King to second
Batting: RHB Jim Unknown 0-0: Called Strike
0-1: Fly out, F5 (Popup, 5)
Batting: RHB Nick Simmons 0-0: Ball
1-0: Grounds into double play, 6-4-3 (Groundball, 6)
Top of the 3rd over - 0 run(s), 1 hit(s), 0 error(s), 1 left on base; Royse City 8 - Ellenburg 3
BOTTOM OF THE 3RD
Ellenburg Fighting Dachsunds batting - Pitching for Royse City Targaryens : RHP Wally Nelson
Batting: LHB Salvador Vidal 0-0: Called Strike
0-1: Ball
1-1: Ball
2-1: Foul Ball, location: 2F
2-2: Ball
3-2: Foul Ball, location: 2F
3-2: Foul Ball, location: 2F
3-2: Ground out 5-3 (Groundball, 5)
Batting: SHB Orlando Deleón 0-0: Foul Ball, location: 2F
0-1: Foul Ball, location: 2F
0-2: Ball
1-2: Ground out 4-3 (Groundball, 13)
Batting: LHB Yannick Hendriksen 0-0: Foul Ball, location: 2F
0-1: Foul Ball, location: 2F
0-2: Strikes out swinging
Bottom of the 3rd over - 0 run(s), 0 hit(s), 0 error(s), 0 left on base; Royse City 8 - Ellenburg 3
TOP OF THE 4TH
Royse City Targaryens batting - Pitching for Ellenburg Fighting Dachsunds : RHP Rusty King
Batting: LHB Miguel Juárez 0-0: SINGLE (Line Drive, 4MD)
Batting: RHB Ray Porch 0-0: Foul Ball, location: 2F
0-1: Grounds into double play, 4-6-3 (Groundball, 4)
Batting: RHB Spencer Curry 0-0: Swinging Strike
0-1: Called Strike
0-2: Strikes out swinging
Top of the 4th over - 0 run(s), 1 hit(s), 0 error(s), 0 left on base; Royse City 8 - Ellenburg 3
BOTTOM OF THE 4TH
Ellenburg Fighting Dachsunds batting - Pitching for Royse City Targaryens : RHP Wally Nelson
Batting: SHB Carlos Carranza 0-0: DOUBLE (Flyball, 8LXD)
Batting: RHB Pablo Trujillo 0-0: Ground out 6-3 (Groundball, 6M)
Carlos Carranza to third
Batting: RHB Victor Haley 0-0: Foul Ball, location: 2F
0-1: Swinging Strike
0-2: Strikes out swinging
Batting: RHB Kade Knowles 0-0: Fly out, F9 (Flyball, 89M)
Bottom of the 4th over - 0 run(s), 1 hit(s), 0 error(s), 1 left on base; Royse City 8 - Ellenburg 3
TOP OF THE 5TH
Royse City Targaryens batting - Pitching for Ellenburg Fighting Dachsunds : RHP Rusty King
Batting: RHB Thomas Dunlap 0-0: Ball
1-0: Foul Ball, location: 2F
1-1: Foul Ball, location: 2F
1-2: Strikes out looking
Batting: LHB Fernando Ramírez 0-0: Ball
1-0: Called Strike
1-1: Ball
2-1: Ball
3-1: Called Strike
3-2: Ground out U3 (Groundball, 3S)
Batting: RHB Brian King 0-0: Ground out 5-3 (Groundball, 56S)
Top of the 5th over - 0 run(s), 0 hit(s), 0 error(s), 0 left on base; Royse City 8 - Ellenburg 3
BOTTOM OF THE 5TH
Ellenburg Fighting Dachsunds batting - Pitching for Royse City Targaryens : RHP Wally Nelson
Batting: LHB Ramón Hernández 0-0: Ball
1-0: Ground out 4-3 (Groundball, 4)
Batting: RHB Will Thomas 0-0: Ball
1-0: Called Strike
1-1: Ball
2-1: Foul Ball, location: 2F
2-2: Ball
3-2: Ground out 5-3 (Groundball, 56)
Batting: LHB Salvador Vidal 0-0: Called Strike
0-1: Fly out, F8 (Flyball, 8LM)
Bottom of the 5th over - 0 run(s), 0 hit(s), 0 error(s), 0 left on base; Royse City 8 - Ellenburg 3
TOP OF THE 6TH
Royse City Targaryens batting - Pitching for Ellenburg Fighting Dachsunds : RHP Rusty King
Batting: LHB Juan Valdéz 0-0: Ball
1-0: Ball
2-0: Called Strike
2-1: Ball
3-1: Ground out 4-3 (Groundball, 4M)
Batting: RHB Jim Unknown 0-0: Ball
1-0: Hit by Pitch
Batting: RHB Nick Simmons 0-0: Called Strike
0-1: Ball
1-1: SINGLE (Line Drive, 6MD)
Jim Unknown to second
Batting: LHB Miguel Juárez 0-0: Fly out, F4 (Line Drive, 4)
0-0: Lined into DP, 4-6 (Line Drive, 4)
Top of the 6th over - 0 run(s), 1 hit(s), 0 error(s), 1 left on base; Royse City 8 - Ellenburg 3
BOTTOM OF THE 6TH
Ellenburg Fighting Dachsunds batting - Pitching for Royse City Targaryens : RHP Wally Nelson
Pitching: RHP António Lucero
Batting: SHB Orlando Deleón 0-0: Ball
1-0: Foul Ball, location: 2F
1-1: Ground out 3-1 (Groundball, 34S)
Batting: LHB Yannick Hendriksen 0-0: Called Strike
0-1: Ground out U3 (Groundball, 3L)
Batting: SHB Carlos Carranza 0-0: Called Strike
0-1: Ball
1-1: Foul Ball, location: 2F
1-2: SINGLE (Groundball, 3S) (infield hit)
Batting: RHB Pablo Trujillo 0-0: Swinging Strike
0-1: Fly out, F7 (Flyball, 78M)
Bottom of the 6th over - 0 run(s), 1 hit(s), 0 error(s), 1 left on base; Royse City 8 - Ellenburg 3
TOP OF THE 7TH
Royse City Targaryens batting - Pitching for Ellenburg Fighting Dachsunds : RHP Rusty King
Batting: RHB Ray Porch 0-0: Ball
1-0: Ball
2-0: DOUBLE (Line Drive, 9LD)
Batting: RHB Spencer Curry 0-0: Foul Ball, location: 2F
0-1: Ball
1-1: Foul Ball, location: 2F
1-2: Ball
2-2: Ball
3-2: Base on Balls
Batting: RHB Thomas Dunlap 0-0: Ball
1-0: Sac Bunt - play at first, batter OUT! 5-4
Ray Porch to third
Spencer Curry to second
Batting: LHB Fernando Ramírez 0-0: Fly out, F7 (Flyball, 78M)
Runner from 3rd tags up, SCORES, throw made
Batting: RHB Brian King 0-0: Ball
1-0: Ball
2-0: Ball
3-0: Called Strike
3-1: Base on Balls
Batting: LHB Juan Valdéz 0-0: Called Strike
0-1: Ball
1-1: Ball
2-1: Ball
3-1: SINGLE (Line Drive, 8RS)
Spencer Curry to third
Brian King to second
Runner from 3rd tries for Home, SAFE, no throw or cutoff
Batting: RHB Jim Unknown 0-0: Ball
1-0: Called Strike
1-1: Ball
2-1: Ball
3-1: Base on Balls
Brian King to third
Juan Valdéz to second
Batting: RHB Nick Simmons 0-0: Foul Ball, location: 2F
0-1: Ball
1-1: Ball
2-1: Foul Ball, location: 2F
2-2: Foul Ball, location: 2F
2-2: Foul Ball, location: 2F
2-2: Fly out, F8 (Flyball, 8LD)
Top of the 7th over - 2 run(s), 2 hit(s), 0 error(s), 3 left on base; Royse City 10 - Ellenburg 3
BOTTOM OF THE 7TH
Ellenburg Fighting Dachsunds batting - Pitching for Royse City Targaryens : RHP António Lucero
Batting: RHB Victor Haley 0-0: Foul Ball, location: 2F
0-1: Ball
1-1: Swinging Strike
1-2: Ball
2-2: Ball
3-2: Foul Ball, location: 2F
3-2: Strikes out swinging
Batting: RHB Kade Knowles 0-0: Fly out, F9 (Line Drive, 89M)
Batting: LHB Ramón Hernández 0-0: Called Strike
0-1: Called Strike
0-2: Foul Ball, location: 2F
0-2: Strikes out swinging
Bottom of the 7th over - 0 run(s), 0 hit(s), 0 error(s), 0 left on base; Royse City 10 - Ellenburg 3
TOP OF THE 8TH
Royse City Targaryens batting - Pitching for Ellenburg Fighting Dachsunds : RHP Rusty King
Pitching: RHP Kenny DeBenham
Batting: LHB Miguel Juárez 0-0: Ground out 4-3 (Groundball, 34)
Batting: RHB Ray Porch 0-0: Reached on Error, E9 (Flyball, 9M)
Batting: RHB Spencer Curry 0-0: Ball
1-0: Fly out, F6 (Line Drive, 6)
Batting: RHB Thomas Dunlap 0-0: Ball
1-0: Ball
2-0: SINGLE (Flyball, 4D)
Ray Porch to second
Batting: LHB Fernando Ramírez 0-0: Ball
1-0: Fly out, F7 (Flyball, 78D)
Top of the 8th over - 0 run(s), 1 hit(s), 1 error(s), 2 left on base; Royse City 10 - Ellenburg 3
BOTTOM OF THE 8TH
Ellenburg Fighting Dachsunds batting - Pitching for Royse City Targaryens : RHP António Lucero
Now at C: Adrian Barr
Batting: RHB Will Thomas 0-0: Ball
1-0: Called Strike
1-1: Foul Ball, location: 2F
1-2: Ball
2-2: Ball
3-2: Foul Ball, location: 2F
3-2: Foul Ball, location: 2F
3-2: Foul Ball, location: 2F
3-2: SINGLE (Groundball, 56)
Batting: LHB Salvador Vidal 0-0: Ball
1-0: Called Strike
1-1: Swinging Strike
1-2: SINGLE (Flyball, 9LM)
Will Thomas to second
Runner from 2nd tries for 3rd, SAFE, no throw or cutoff
Batting: SHB Orlando Deleón 0-0: Ball
1-0: Foul Ball, location: 2F
1-1: Ball
2-1: Ball
3-1: Foul Ball, location: 2F
3-2: Fly out, F5 (Popup, 25)
Pitching: LHP Eugene Baker
Batting: LHB Yannick Hendriksen 0-0: Called Strike
0-1: Ball
1-1: Ball
Wild Pitch!
Will Thomas scores
Salvador Vidal to second
2-1: Ball
3-1: Fly out, F9 (Flyball, 9S)
Batting: SHB Carlos Carranza 0-0: Ball
1-0: Ball
2-0: Fly out, F8 (Flyball, 8RS)
Bottom of the 8th over - 1 run(s), 2 hit(s), 0 error(s), 1 left on base; Royse City 10 - Ellenburg 4
TOP OF THE 9TH
Royse City Targaryens batting - Pitching for Ellenburg Fighting Dachsunds : RHP Kenny DeBenham
Pitching: RHP Jim Unknown
Batting: RHB Brian King 0-0: Called Strike
0-1: Ball
1-1: Ball
2-1: Fly out, F9 (Flyball, 89M)
Batting: LHB Juan Valdéz 0-0: Called Strike
0-1: Foul Ball, location: 2F
0-2: Ball
1-2: Ball
2-2: Ground out 4-3 (Groundball, 34)
Batting: RHB Jim Unknown 0-0: Called Strike
0-1: Called Strike
0-2: Fly out, F9 (Line Drive, 89M)
Top of the 9th over - 0 run(s), 0 hit(s), 0 error(s), 0 left on base; Royse City 10 - Ellenburg 4
BOTTOM OF THE 9TH
Ellenburg Fighting Dachsunds batting - Pitching for Royse City Targaryens : LHP Eugene Baker
Batting: RHB Pablo Trujillo 0-0: Ball
1-0: Called Strike
1-1: Bunt for hit - play at first, batter OUT! 1-3
Batting: RHB Victor Haley 0-0: Ball
1-0: Swinging Strike
1-1: Ball
2-1: Ground out 6-3 (Groundball, 6)
Batting: RHB Kade Knowles 0-0: Swinging Strike
0-1: Ball
1-1: Called Strike
1-2: Ball
2-2: Foul Ball, location: 2F
2-2: Fly out, F8 (Line Drive, 8RM)
Bottom of the 9th over - 0 run(s), 0 hit(s), 0 error(s), 0 left on base; Royse City 10 - Ellenburg 4
This league is powered by Out of the Park Baseball, the baseball management simulation game for PC, Mac and Linux
Friday, January 22nd, 2016 - OOTP Baseball 16.9 Build 39